 Dungeon Crawl Stone Soup version 0.24-a0-479-g9a978d2894 (webtiles) character file.

Game seed: 2983739552666937073

132 Azzok the Firebug (level 4, -1/30 HPs)
             Began as a Demonspawn Fire Elementalist on July 7, 2019.
             Killed by nerve-wracking pain
             ... invoked by Grinder
              (10 damage)
             ... while paralysed by Grinder
             ... on level 3 of the Dungeon.
             The game lasted 00:03:55 (3505 turns).

Azzok the Firebug (Demonspawn Fire Elementalist)    Turns: 3505, Time: 00:03:55

Health: -1/30      AC:  2    Str:  8    XL:     4   Next: 92%
Magic:  0/8        EV:  2    Int: 18    God:
Gold:   67         SH:  0    Dex: 13    Spells: 1/9 levels left

rFire    . . .     SeeInvis .   b - +0 dagger
rCold    . . .     Gourm    .   (no shield)
rNeg     . . .     Faith    .   a - +0 robe
rPois    .         Spirit   .   (no helmet)
rElec    .         Reflect  .   (no cloak)
rCorr    .         Harm     .   (no gloves)
MR       .....                  (no boots)
Stlth    ++........             (no amulet)
HPRegen  0.10/turn              (no ring)
MPRegen  0.11/turn              (no ring)

@: paralysed
A: hooves 1
a: no special abilities


You were on level 3 of the Dungeon.
You were hungry.

You visited 1 branch of the dungeon, and saw 3 of its levels.

You collected 67 gold pieces.

Inventory:

Hand Weapons
 b - a +0 dagger (weapon)
Armour
 a - a +0 robe (worn)
Scrolls
 f - a scroll of noise {unknown}
 h - 4 scrolls of remove curse {unknown}
 j - 4 scrolls of identify {unknown}
 k - a scroll of enchant armour {unknown}
 l - a scroll of enchant weapon {unknown}
 o - a scroll of teleportation {unknown}
Potions
 d - 3 potions of degeneration {unknown}
 e - a potion of heal wounds {unknown}
 g - 2 potions of agility {unknown}
 i - a potion of haste {unknown}
 n - a potion of curing {unknown}
Comestibles
 c - 2 rations


   Skills:
 - Level 1.7 Dodging
 - Level 1.7 Stealth
 + Level 3.1 Spellcasting
 + Level 2.8 Conjurations
 + Level 3.6 Fire Magic


You had one spell level left.
You knew the following spells:

 Your Spells              Type           Power        Failure   Level  Hunger
a - Flame Tongue          Conj/Fire      ##...        4%          1    None
b - Conjure Flame         Conj/Fire      ##......     13%         3    ###....
c - Sticky Flame          Conj/Fire      ##......     38%         4    ####...

Your spell library contained the following spells:

 Spells                   Type           Power        Failure   Level  Hunger
 Throw Flame              Conj/Fire      ##....       6%          2    ##.....
 Inner Flame              Hex/Fire       #.......     22%         3    ###....
 Fireball                 Conj/Fire      ##........   75%         5    ######.


Dungeon Overview and Level Annotations

Branches:
Dungeon (3/15)

Altars:

Annotations:
D:3 Grinder


Innate Abilities, Weirdness & Mutations

You have large cloven feet.


Message History

The flame tongue hits Grinder!
Grinder is severely wounded.
* * * LOW MAGIC WARNING * * *
Grinder burns!
Grinder gestures at you. You resist with significant effort.
Casting: Flame Tongue (safe; 4% risk of failure)
Confirm with . or Enter, or press ? or * to list all spells.
Aiming: Flame Tongue (safe; 4% risk of failure)
Press: ? - help, Shift-Dir - straight line, f/p - Grinder
Aim: Grinder (severely wounded, covered in liquid flames)
The flame tongue hits Grinder.
Grinder is almost dead.
* * * LOW MAGIC WARNING * * *
Grinder burns!
Grinder stops burning.
Grinder gestures at you.
You suddenly lose the ability to move!
Grinder gestures at you. Pain shoots through your body!
You die...

▒▒▒▒··
···▒·▒
···▒·▒ ▒▒▒▒▒
···▒·▒ ▒·5@▒
···▒·▒ ▒·▒▒▒
···▒·▒ ▒·▒
·÷·▒·▒▒▒▒▒▒·
▒·▒
···'········
▒r▒
···▒·▒▒▒▒▒▒▒
▒·▒
▒'▒▒········
▒·▒
▒·▒▒▒▒▒▒▒▒▒▒
▒·▒ ▒·▒ ▒·▒


You could see Grinder.

Vanquished Creatures
  2 adders (D:2)
  4 gnolls (D:2)
  2 oozes
  A worm (D:2)
  A leopard gecko (D:2)
  2 ball pythons
  4 giant cockroaches
  10 goblins
  4 hobgoblins
  4 jackals (D:2)
  7 bats
  5 frilled lizards
  7 kobolds
  8 rats
61 creatures vanquished.

Notes
Turn   | Place    | Note
-------+----------+-------------------------------------------
     0 | D:1      | Azzok the Demonspawn Fire Elementalist began the quest for
                  | the Orb.
     0 | D:1      | Reached XP level 1. HP: 13/13 MP: 3/3
   351 | D:1      | Gained mutation: You have large cloven feet. [demonic
                  | ancestry]
   351 | D:1      | Reached XP level 2. HP: 19/19 MP: 0/5
  1224 | D:1      | Reached XP level 3. HP: 24/24 MP: 4/6
  1885 | D:2      | Reached XP level 4. HP: 5/30 MP: 0/8
  3294 | D:3      | Noticed Grinder
  3445 | D:2      | Learned a level 3 spell: Conjure Flame
  3450 | D:2      | Learned a level 4 spell: Sticky Flame
  3504 | D:3      | Paralysed by Grinder for 7 turns
  3505 | D:3      | Killed from afar by Grinder

Levels and vault maps discovered:
D:1:      dpeg_arrival_court, layout_basic, roderic_lattice_a,
          minmay_pentomino_r4
D:2:      layout_loops_ring, grunt_ministairs_13, small_statue_intersection
D:3:      layout_basic, uniq_grinder, uniq_terence

Skill      XL: |  1  2  3  4 |
---------------+-------------+-----
Fire Magic     | 3 |  3.6
Conjurations   | 2 |  2.8
Spellcasting   | 3 |  3.1
Dodging        | |  1.7
Stealth        | |  1.7

Action                   |  1- 3 |  4- 6 || total
-------------------------+-------+-------++-------
Melee: Dagger            |    35 |    14 ||    49
       Kick              |     5 |     3 ||     8
 Cast: Flame Tongue      |    49 |    56 ||   105
       Sticky Flame      |       |     1 ||     1
 Stab: Sleeping          |     1 |       ||     1
  Eat: Chunk             |     3 |     5 ||     8
Armor: Robe              |     5 |     8 ||    13
Dodge: Dodged            |    34 |    28 ||    62

Table legend:
 A = Non-vault XP
 B = Vault XP
 C = Vault XP percentage of total XP
 D = Non-vault monster count
 E = Vault monster count
 F = Vault count percentage of total count
                 A         B        C        D         E       F
            +---------+---------+-------+---------+---------+-------
      Total |     179 |      10 |   5.3 |      55 |       6 |   9.8
            +---------+---------+-------+---------+---------+-------
        D:1 |      40 |       6 |  13.0 |      23 |       4 |  14.8
        D:2 |     137 |       4 |   2.8 |      30 |       2 |   6.2
        D:3 |       2 |       0 |   0.0 |       2 |       0 |   0.0
            +---------+---------+-------+---------+---------+-------
